 Dungeon Crawl Stone Soup version 0.25.0-46-gbd7b0854d2 (webtiles) character file.

Game seed: 16355831756630543148

9006 protoss039 the Eclecticist (level 11, -2/58 HPs)
             Began as a Deep Elf Earth Elementalist on July 14, 2020.
             Was a High Priest of Vehumet.
             Killed by divine providence
             ... invoked by an orc priest
              (14 damage)
             ... on level 11 of the Dungeon.
             The game lasted 00:31:37 (11935 turns).

protoss039 the Eclecticist (DEEE)                  Turns: 11935, Time: 00:31:38

Health: -2/58      AC:  5    Str:  5    XL:     11   Next: 17%
Magic:  20/33      EV: 13    Int: 24    God:    Vehumet [*****.]
Gold:   585        SH:  0    Dex: 15    Spells: 25/43 levels left

rFire    . . .     SeeInvis .   y - +1 dagger (holy)
rCold    . . .     Gourm    .   (no shield)
rNeg     . . .     Faith    +   D - +0 robe {MR+}
rPois    +         Spirit   .   k - +0 helmet
rElec    .         Reflect  .   G - +0 cloak
rCorr    .         Harm     .   E - +0 pair of gloves
MR       +++..                  (no boots)
Stlth    ++........             C - amulet of faith
HPRegen  0.19/turn              m - ring of protection from magic
MPRegen  0.23/turn              z - ring of poison resistance

@: no status effects
A: no striking features
a: Renounce Religion


You were on level 11 of the Dungeon.
You worshipped Vehumet.
Vehumet was extremely pleased with you.
You were hungry.

You visited 2 branches of the dungeon, and saw 12 of its levels.

You collected 585 gold pieces.

Inventory:

Hand Weapons
 y - a +1 dagger of holy wrath (weapon)
 J - a +1 dagger of protection
Missiles
 b - 229 stones (quivered)
Armour
 k - a +0 helmet (worn)
 D - a +0 robe of magic resistance (worn)
 E - a +0 pair of gloves (worn)
 G - a +0 cloak (worn)
Magical Staves
 c - an uncursed staff of air
Jewellery
 m - a ring of protection from magic (left hand)
 s - a +4 ring of slaying {unknown}
 z - a ring of poison resistance (right hand)
 C - an amulet of faith (around neck)
Wands
 f - a wand of clouds (9)
 p - a wand of iceblast (8)
 L - a wand of paralysis (8)
 O - a wand of flame (5)
Scrolls
 n - 8 scrolls of remove curse
 r - 4 scrolls of fog {unknown}
 u - 2 scrolls of teleportation
 v - a scroll of fear
 x - 4 scrolls of blinking
 B - 3 scrolls of immolation
 I - 2 scrolls of enchant weapon
 M - a scroll of brand weapon {unknown}
Potions
 a - 2 potions of heal wounds {unknown}
 e - 3 potions of mutation {unknown}
 g - a potion of cancellation {unknown}
 i - a potion of magic {unknown}
 j - a potion of resistance {unknown}
 l - a potion of invisibility {unknown}
 o - 2 potions of lignification {unknown}
 q - 3 potions of haste {unknown}
 t - a potion of might {unknown}
 w - 3 potions of flight
 A - 3 potions of stabbing {unknown}
 F - 2 potions of brilliance {unknown}
Comestibles
 d - 21 rations
 H - 6 chunks of flesh


   Skills:
 * Level 2.5 Fighting
 - Level 3.0 Dodging
 - Level 3.0 Stealth
 + Level 16.5 Spellcasting
 + Level 4.2 Conjurations
 - Level 2.0 Transmutations
 * Level 1.7 Air Magic
 + Level 10.4 Earth Magic
 * Level 1.9 Poison Magic


You had 25 spell levels left.
You knew the following spells:

 Your Spells              Type           Power        Failure   Level  Hunger
a - Sandblast             Erth           ######       1%          1    None
b - Passwall              Tmut/Erth      #####...     1%          2    None
c - Stone Arrow           Conj/Erth      ######       1%          3    None
d - Petrify               Tmut/Erth      #####...     1%          4    None
e - Lee's Rapid Deconstr  Erth           ######....   1%          5    #......
f - Mephitic Cloud        Conj/Pois/Air  ####....     1%          3    None

Your spell library contained the following spells:

 Spells                   Type           Power        Failure   Level  Hunger
 Fulminant Prism          Conj/Hex       ####......   3%          4    None
 Dazzling Flash           Conj/Hex       ####..       1%          3    None
 Corona                   Hex            ###....      2%          1    None
 Summon Small Mammal      Summ           ###.         2%          1    None
 Call Imp                 Summ           ###.....     4%          2    None
 Ensorcelled Hibernation  Hex/Ice        ###...       4%          2    None
 Call Canine Familiar     Summ           ###.....     9%          3    None
 Confusing Touch          Hex            ###.....     9%          3    None
 Gell's Gravitas          Tloc           ###.......   9%          3    None
 Summon Guardian Golem    Hex/Summ       ###.....     9%          3    None
 Tukima's Dance           Hex            ###.....     9%          3    None
 Yara's Violent Unravell  Hex/Tmut       ###.......   13%         5    #......
 Summon Lightning Spire   Summ/Air       ###.....     19%         4    None
 Summon Ice Beast         Ice/Summ       ###.....     26%         4    None
 Metabolic Englaciation   Hex/Ice        ###.......   58%         5    #......


Dungeon Overview and Level Annotations

Branches:
Dungeon (11/15)            Temple (1/1) D:5            Lair (0/6) D:9
    Orc (0/2) D:9

Altars:
Ashenzari
Cheibriados
Dithmenos
Elyvilon
Fedhas
Gozag
Hepliaklqana
Kikubaaqudgha
Makhleb
Nemelex Xobeh
Okawaru
Qazlal
Ru
Sif Muna
Trog
Uskayaw
Vehumet
Wu Jian
Xom
Yredelemnul
Zin
The Shining One

Shops:
D:5 !

Annotations:
D:7 1 runed translucent door


Message History

You kill the red ugly thing!
Vehumet accepts your kill.
You feel your power returning.
The blast of rock fragments hits the orc warrior but does no damage.
The orc warrior is severely wounded.
You hear a shout!
The orc priest begins to cast a cantrip, but forgets the words!
The orc warrior hits you with a +0 mace!
* * * LOW HITPOINT WARNING * * *
Unknown command.
You feel better.
The orc priest casts a cantrip, but nothing happens.
An orc comes into view. It is wielding a +0 dagger.
Unknown command.
Unknown command.
Unknown command.
Okay, then.
The orc priest invokes the aid of Beogh against you.
Beogh smites you!
You die...

....# ####'####
#+### #.....#
#.....# ###
##.._..# T..##
#......# ###.oo...
#......####oooo.oo$
#..#..###.oo#.o.oo.
########......#.###
.....
..............@.#
oo$.
#########.....###
... #.....# oo
##.#### . #.# #.#
#.# #.# #.#


You could see a troll, 6 orc warriors and an orc priest.

Vanquished Creatures
  Pikel (D:9)
  An ugly thing (D:11)
  A gargoyle (D:10)
  A troll (D:10)
  A hornet (D:7)
  A hippogriff (D:9)
  4 yaks (D:9)
  Sigmund (D:3)
  Eustachio (D:5)
  2 basilisks (D:9)
  A steam dragon (D:10)
  2 hungry ghosts (D:11)
  A warg (D:9)
  Menkaure (D:7)
  2 swamp worms (D:9)
  A water moccasin (D:10)
  Duvessa (D:5)
  3 ice beasts
  6 orc warriors
  4 ogres
  A sky beast (D:7)
  2 black bears
  A necrophage (D:8)
  4 phantoms
  3 centaurs
  A crocodile (D:9)
  2 big kobolds
  A bullfrog (D:7)
  2 gnoll sergeants (D:8)
  Dowan (D:5)
  7 scorpions
  3 wights (D:7)
  4 howler monkeys
  3 crimson imps
  A quasit (D:10)
  2 centaur zombies
  A gnoll shaman (D:9)
  3 hounds
  2 jellies (D:10)
  A bullfrog skeleton (D:6)
  10 orc priests
  Crazy Yiuf (D:7)
  15 orc wizards
  7 worker ants
  Jessica (D:3)
  An iguana (D:9)
  A hound skeleton (D:11)
  A hound zombie (D:6)
  A worker ant zombie (D:7)
  26 gnolls
  16 adders
  A howler monkey skeleton (D:4)
  An ooze (D:2)
  4 adder skeletons
  An adder zombie (D:5)
  2 worms (D:2)
  2 dart slugs (D:2)
  4 leopard geckos
  36 orcs
  14 bats
  4 giant cockroaches
  10 goblins
  4 hobgoblins
  10 jackals
  13 kobolds
  6 quokkas
  6 frilled lizards
  A quokka zombie (D:7)
  9 rats
  2 plants (D:9)
291 creatures vanquished.

Vanquished Creatures (others)
  A porcupine (D:9)
  2 slaves (D:9)
  4 bushes (D:9)
  3 fungi (D:9)
  11 plants (D:9)
21 creatures vanquished.

Grand Total: 312 creatures vanquished

Notes
Turn   | Place    | Note
-------+----------+-------------------------------------------
     0 | D:1      | protoss039 the Deep Elf Earth Elementalist began the quest
                  | for the Orb.
     0 | D:1      | Reached XP level 1. HP: 10/10 MP: 6/6
   236 | D:1      | Reached XP level 2. HP: 15/15 MP: 8/8
  1100 | D:2      | Reached XP level 3. HP: 18/19 MP: 7/9
  1668 | D:2      | Reached skill level 4 in Spellcasting
  1673 | D:2      | Reached XP level 4. HP: 14/24 MP: 4/12
  1905 | D:2      | Learned a level 2 spell: Passwall
  1909 | D:2      | Learned a level 3 spell: Stone Arrow
  2326 | D:3      | Found an opulent altar of Gozag.
  2579 | D:3      | Reached skill level 5 in Spellcasting
  2579 | D:3      | Reached XP level 5. HP: 13/28 MP: 3/14
  2839 | D:3      | Noticed Sigmund
  2845 | D:3      | Killed Sigmund
  2845 | D:3      | Reached skill level 5 in Earth Magic
  2845 | D:3      | Reached XP level 6. HP: 19/32 MP: 10/16
  3006 | D:3      | Noticed Jessica
  3010 | D:3      | Killed Jessica
  3163 | D:4      | Reached skill level 6 in Spellcasting
  3541 | D:4      | Reached XP level 7. HP: 36/36 MP: 16/19
  3600 | D:4      | Reached skill level 7 in Spellcasting
  4204 | D:4      | Learned a level 4 spell: Petrify
  4210 | D:4      | Learned a level 5 spell: Lee's Rapid Deconstruction
  4211 | D:5      | Entered Level 5 of the Dungeon
  4410 | D:5      | Found a staircase to the Ecumenical Temple.
  4423 | D:5      | Reached skill level 8 in Spellcasting
  4423 | D:5      | Reached skill level 1 in Conjurations
  4427 | D:5      | Reached skill level 1 in Fighting
  4430 | D:5      | Noticed Eustachio
  4436 | D:5      | Reached XP level 8. HP: 43/43 MP: 0/22
  4580 | Temple   | Entered the Ecumenical Temple
  4599 | Temple   | Became a worshipper of Vehumet
  5132 | D:5      | Killed Eustachio
  5132 | D:5      | Reached skill level 9 in Spellcasting
  5237 | D:5      | Noticed Duvessa
  5240 | D:5      | Noticed Dowan
  5245 | D:5      | Killed Duvessa
  5249 | D:5      | Killed Dowan
  5376 | D:5      | Found Firometsaoma's Distillery.
  5651 | D:6      | Reached skill level 10 in Spellcasting
  5822 | D:6      | Found a glowing silver altar of Zin.
  5971 | D:6      | Reached XP level 9. HP: 48/48 MP: 4/25
  6288 | D:6      | Reached * piety under Vehumet
  6288 | D:6      | Offered knowledge of Foxfire by Vehumet.
  6927 | D:7      | Reached skill level 11 in Spellcasting
  7190 | D:7      | Found a runed translucent door.
  7192 | D:7      | Found a basalt altar of Yredelemnul.
  7327 | D:7      | Reached skill level 10 in Earth Magic
  7437 | D:7      | Found a runed translucent door.
  7438 | D:7      | Noticed Crazy Yiuf
  7497 | D:7      | Noticed Menkaure
  7500 | D:7      | Killed Menkaure
  7571 | D:7      | Reached ** piety under Vehumet
  7575 | D:7      | Offered knowledge of Magic Dart by Vehumet.
  7916 | D:7      | Killed Crazy Yiuf
  8006 | D:8      | Reached skill level 12 in Spellcasting
  8415 | D:8      | Found an opulent altar of Gozag.
  8583 | D:8      | Reached skill level 13 in Spellcasting
  8734 | D:8      | Offered knowledge of Searing Ray by Vehumet.
  8759 | D:8      | Reached XP level 10. HP: 53/53 MP: 6/29
  8921 | D:8      | Reached *** piety under Vehumet
  9499 | D:9      | Reached skill level 14 in Spellcasting
  9870 | D:9      | Offered knowledge of Mephitic Cloud by Vehumet.
  9894 | D:9      | Learned a level 3 spell: Mephitic Cloud
  9950 | D:9      | Found a staircase to the Orcish Mines.
 10039 | D:9      | Reached skill level 15 in Spellcasting
 10191 | D:9      | Noticed Pikel
 10195 | D:9      | Found a staircase to the Lair.
 10212 | D:9      | Killed Pikel
 10214 | D:9      | Reached **** piety under Vehumet
 10464 | D:9      | Reached skill level 16 in Spellcasting
 10628 | D:10     | Entered Level 10 of the Dungeon
 10839 | D:10     | Noticed a gargoyle
 10841 | D:10     | Killed a gargoyle
 10841 | D:10     | Reached skill level 1 in Poison Magic
 10856 | D:10     | Offered knowledge of Fulminant Prism by Vehumet.
 11034 | D:10     | Reached skill level 1 in Air Magic
 11105 | D:10     | Reached XP level 11. HP: 57/57 MP: 20/33
 11869 | D:11     | Found a stormy altar of Qazlal.
 11928 | D:11     | Noticed a red ugly thing
 11933 | D:11     | Killed a red ugly thing
 11933 | D:11     | Reached ***** piety under Vehumet
 11935 | D:11     | Killed from afar by an orc priest

Illustrated notes

Levels and vault maps discovered:
D:1:      dpeg_arrival_round_c, layout_basic, hangedman_decor_slide_cut
D:2:      layout_rooms, interstate_on_off
D:3:      layout_basic, grunt_gozag_breadcrumbs, first_ration,
          grunt_ministairs_3, hangedman_decor_clover_reticule, uniq_sigmund,
          uniq_jessica
D:4:      layout_basic, kennysheep_generic_room_6
D:5:      layout_basic, minmay_temple_entry_antechambers, serial_shops, shop,
          uniq_eustachio, uniq_duvessa
D:6:      layout_loops_ring, basic_altar
D:7:      layout_loops_ring, dk_yredelemnul_ordeal, uniq_crazy_yiuf_cottage,
          uniq_menkaure
D:8:      layout_gridville, basic_altar
D:9:      layout_long_grid, minmay_lair_entry_grove, david_orc_3, worms_lemuel,
          uniq_pikel
D:10:     layout_irregular_city, blue_anna_alchemist [blue_anna_fruit_fields,
          blue_anna_fruit_fields]
D:11:     layout_roguey [special_room_orc], basic_altar
Temple:   nicolae_temple_the_god_donut

Skill      XL: |  1  2  3  4  5  6  7  8  9 10 11 |
---------------+----------------------------------+-----
Dodging        | 3 |  3.0
Stealth        | 3 |  3.0
Earth Magic    | 4 5 6 7 9 10 | 10.4
Spellcasting   | 4 5 6 8 10 13 16 | 16.5
Conjurations   | 1 3 4 |  4.2
Fighting       | 1 2 |  2.5
Poison Magic   | 1 |  1.9
Air Magic      | 1 |  1.7
Transmutations | 2 |  2.0

Action                   |  1- 3 |  4- 6 |  7- 9 | 10-12 || total
-------------------------+-------+-------+-------+-------++-------
Melee: Dagger            |    83 |    50 |     2 |       ||   135
 Cast: Sandblast         |    27 |    51 |    54 |    26 ||   158
       Stone Arrow       |       |     3 |   107 |    81 ||   191
       Lee's Rapid Decon |       |       |    23 |    31 ||    54
       Petrify           |       |       |     2 |     3 ||     5
       Mephitic Cloud    |       |       |       |     1 ||     1
  Use: Scroll            |       |       |     6 |     3 ||     9
       Potion            |       |       |       |     5 ||     5
 Stab: Sleeping          |     6 |     7 |       |       ||    13
  Eat: Chunk             |     2 |     6 |    19 |    10 ||    37
Armor: Robe              |    19 |    20 |     5 |     4 ||    48
Dodge: Dodged            |    71 |    58 |    23 |    27 ||   179
